 Dungeon Crawl Stone Soup version 0.30-a0-583-g19bae12e61 (webtiles) character file.

Game seed: 7310186226210667885

48794 CoinPitGoblin the Acrobat (level 14, -4/54 HPs)
             Began as a Spriggan Hunter on Dec 10, 2022.
             Was the Champion of Hepliaklqana.
             Killed from afar by an efreet (30 damage)
             ... with a fireball
             ... on level 14 of the Dungeon on Jan 1, 2023.
             The game lasted 00:46:29 (18171 turns).

CoinPitGoblin the Acrobat (Spriggan Hunter)        Turns: 18171, Time: 00:46:30

Health: -4/54      AC:  4    Str:  7    XL:     14   Next: 13%
Magic:  15/15      EV: 57    Int: 12    God:    Hepliaklqana [******]
Gold:   2117       SH:  0    Dex: 33    Spells: 13/13 levels left

rFire   . . .      SeeInvis +    R - +3 greatsling "Punk" {acid, rCorr}
rCold   + . .      Faith    .    (no shield)
rNeg    + . .      Spirit   .    t - +0 robe {Will+}
rPois   .          Reflect  .    (helmet restricted)
rElec   .          Harm     .    r - +1 cloak
rCorr   +          Rampage  .    (gloves unavailable)
Will    +++..                    (boots unavailable)
Stlth   +++                      (no amulet)
HPRegen 0.29/turn                y - ring "Oferuc" {rC+ rN+ Dex+5}
MPRegen 0.14/turn                m - +6 ring of dexterity

@: very quick
A: reduced essence, very small, no large weapons, unfitting armour, see
invisible, speed 3
a: Renounce Religion, Recall Ancestor, Ancestor Identity, Transference, Idealise


You were on level 14 of the Dungeon.
You worshipped Hepliaklqana.
Hepliaklqana was exalted by your worship.
You visited 3 branches of the dungeon, and saw 19 of its levels.

You collected 2695 gold pieces.
You spent 578 gold pieces at shops.

Inventory:

Hand Weapons
 c - a +0 lajatang of electrocution
 v - a +1 dagger of draining
 O - a +0 short sword of holy wrath
 P - a +2 short sword of draining
 R - the +3 greatsling "Punk" (weapon) {acid, rCorr}
   (You found it on level 10 of the Dungeon)

   Any ammunition fired from it is coated in acid, damaging and corroding those
   it strikes.
   rCorr:     It protects you from acid and corrosion.
Missiles
 T - 4 curare-tipped darts
Armour
 d - a +0 troll leather armour
 r - a +1 cloak (worn)
 t - a +0 robe of willpower (worn)
 Q - an orb of light
Magical Staves
 E - a staff of conjuration
Jewellery
 f - a +6 ring of intelligence
 h - an amulet of faith
 m - a +6 ring of dexterity (right hand)
 w - the ring of Raodoffaego {rC- Will+ Str+6 Stlth+}
   (You found it on level 4 of the Lair of Beasts)

   [ring of willpower]

   Str:       It affects your strength (+6).
   rC:        It makes you vulnerable to cold.
   Will:      It increases your willpower.
   Stlth:     It makes you more stealthy.
 y - the ring "Oferuc" (left hand) {rC+ rN+ Dex+5}
   (You bought it in a shop on level 6 of the Dungeon)

   [ring of positive energy]

   Dex:       It affects your dexterity (+5).
   rC:        It protects you from cold.
   rN:        It protects you from negative energy.
 C - a ring of magical power
 X - a +5 ring of evasion
Wands
 a - a wand of roots (1)
 B - a wand of quicksilver (24)
 I - a wand of flame (20)
 L - a wand of paralysis (17)
 N - a wand of mindburst (14)
Scrolls
 b - 5 scrolls of immolation
 j - 6 scrolls of magic mapping
 k - 3 scrolls of brand weapon
 n - 2 scrolls of enchant weapon
 o - 2 scrolls of vulnerability
 x - 5 scrolls of blinking
 D - 4 scrolls of enchant armour
 F - 3 scrolls of poison
 H - 5 scrolls of teleportation
 J - 4 scrolls of amnesia
 M - a scroll of fog
 S - a scroll of fear
 Y - 3 scrolls of identify
Potions
 e - 13 potions of curing
 g - 7 potions of flight
 i - 6 potions of lignification
 l - 2 potions of invisibility {unknown}
 p - 3 potions of attraction {unknown}
 q - 6 potions of brilliance
 s - 5 potions of heal wounds
 u - 3 potions of mutation
 z - 3 potions of resistance
 A - 2 potions of haste
 G - 4 potions of ambrosia
 K - a potion of might {unknown}
 U - a potion of berserk rage {unknown}
 V - a potion of experience {unknown}
 Z - a potion of cancellation {unknown}


   Skills:
 - Level 1.5 Fighting
 + Level 14.8 Ranged Weapons
 * Level 25.2 Dodging
 - Level 1.5 Stealth


You had 13 spell levels left.
You didn't know any spells.
Your spell library contained the following spells:

 Spells                   Type           Power      Damage    Failure   Level
 Foxfire                  Conj/Fire      0%         2x1d4     32%         1
 Sublimation of Blood     Necr           0%         N/A       45%         2
 Wereblood                Tmut           0%         N/A       45%         2
 Ozocubu's Armour         Ice            0%         N/A       69%         3
 Portal Projectile        Hex/Tloc       0%         N/A       69%         3
 Tukima's Dance           Hex            0%         N/A       69%         3
 Animate Armour           Summ/Erth      0%         N/A       97%         4
 Olgreb's Toxic Radiance  Pois           0%         N/A       97%         4
 Petrify                  Tmut/Erth      0%         N/A       97%         4
 Blade Hands              Tmut           0%         N/A       100%        5
 Fireball                 Conj/Fire      0%         3d3       100%        5
 Iskenderun's Battlesphe  Conj           0%         2d6       100%        5
 Metabolic Englaciation   Hex/Ice        0%         N/A       100%        5
 Conjure Ball Lightning   Conj/Air       0%         3x3d6     100%        6
 Iron Shot                Conj/Erth      0%         9d1       100%        6
 Simulacrum               Ice/Necr       0%         N/A       100%        6
 Starburst                Conj/Fire      0%         6d3       100%        6
 Statue Form              Tmut/Erth      0%         N/A       100%        6
 Orb of Destruction       Conj           0%         9d5       100%        7
 Ozocubu's Refrigeration  Ice            0%         4d7       100%        7
 Summon Hydra             Summ           0%         N/A       100%        7
 Discord                  Hex            0%         N/A       100%        8
 Disjunction              Tloc           0%         N/A       100%        8
 Ignition                 Fire           0%         3d3       100%        8


Dungeon Overview and Level Annotations

Branches:
Dungeon (14/15)            Temple (1/1) D:4            Lair (4/5) D:9
  Swamp (0/4) Lair:3        Snake (0/4) Lair:2        Slime (0/5) Lair:4
    Orc (0/2) D:10         Vaults (0/5) D:13

Altars:
Ashenzari
Cheibriados
Dithmenos
Elyvilon
Fedhas
Gozag
Hepliaklqana
Kikubaaqudgha
Makhleb
Nemelex Xobeh
Okawaru
Qazlal
Ru
Sif Muna
Trog
Uskayaw
Vehumet
Wu Jian
Xom
Yredelemnul
Zin
The Shining One
Jiyva

Shops:
D:6 =   D:9 [

Annotations:
D:9 2 transporters


Innate Abilities, Weirdness & Mutations

Your life essence is reduced to manifest your ancestor. (-10% HP)
You are very small and have problems with some larger weapons.
You are too small for most types of armour.
You have supernaturally acute eyesight. (SInv)
You cover ground extremely quickly. (Speed+++)


Message History

The cyclops seems to be corroded for longer.
You kill the cyclops!
No target in view!
No target in view!
No target in view!
You swap places.
D - 4 scrolls of enchant armour (gained 1)
Found 6 stones.
An efreet comes into view.
It is wielding a +1 scimitar of flaming.
Found a sling.
An efreet is nearby!
An efreet is nearby!
You shoot a sling bullet. The sling bullet hits the efreet.
The efreet is splashed with acid.
The acid corrodes the efreet!
The efreet is lightly wounded.
You shoot a sling bullet. The sling bullet hits the efreet.
The efreet is splashed with acid!
The efreet is moderately wounded.
You shoot a sling bullet. The sling bullet hits the efreet!
The efreet is splashed with acid.
The efreet seems to be corroded for longer.
The efreet is severely wounded.
You shoot a sling bullet. The sling bullet hits the efreet.
The efreet is splashed with acid.
The efreet seems to be corroded for longer.
The efreet is almost dead.
The efreet gestures at you.
The fireball explodes!
The fireball engulfs you!!
Ouch! That really hurt!
You hear an angry buzzing noise.
You hear a shout!
You are too injured to fight recklessly!
You are too injured to fight recklessly!
You are too injured to fight recklessly!
You swap places.
The efreet gestures at you.
The fireball explodes!
The fireball engulfs Lucia!
Lucia resists.
The fireball engulfs you!!
Ouch! That really hurt!
You die...

#.. #...).... ..##
##......(.
..######......R°.
#................ ####
##......#.........
...#####.....## #......##
......#.......###.......#
##.......#..R..#.R.......
###....###....#@.#####..
###.## ###....## #.#
##....# #.# ##..##.# ###
##.#####.# ##.## ## #.##
###


You could see the friendly Lucia the hexer and an efreet (corroded, ally
target).

Vanquished Creatures
  Frances (D:13)
  The ghost of Heedrag the Geomancer, a journeyman GrEE of Vehumet (Lair:4)
  A vault guard (D:13)
  A catoblepas (Lair:3)
  A hydra (Lair:3)
  3 centaur warriors
  2 boulder beetles
  2 two-headed ogres (D:11)
  3 death yaks (Lair:3)
  Urug (Lair:1)
  Amaemon (Lair:2)
  3 skeletal warriors (D:11)
  A wizard (D:13)
  A deep elf zephyrmancer (D:13)
  2 necromancers (D:13)
  2 cyclopes (D:14)
  A manticore (D:12)
  3 black mambas
  An orange demon (Lair:2)
  2 rime drakes
  9 cane toads
  3 unseen horrors
  8 komodo dragons
  A kobold demonologist (D:13)
  Prince Ribbit (D:6)
  7 trolls
  A hornet (D:10)
  A blink frog (shapeshifter) (D:14)
  11 blink frogs
  4 slime creatures
  A shadow (D:9)
  A water elemental (D:13)
  3 wyverns
  A wraith (D:10)
  2 vampires
  16 humans (D:13)
  21 yaks
  A golden eye (shapeshifter) (D:14)
  A basilisk (D:9)
  Eustachio (D:6)
  6 vampire mosquitoes
  A steam dragon (Lair:4)
  15 water moccasins
  3 orc warriors
  3 black bears
  An ice beast (D:5)
  An ogre (D:4)
  5 wolves
  6 centaurs
  4 kobold brigands
  2 phantoms
  11 bullfrogs
  A gnoll sergeant (D:9)
  2 scorpions
  A necrophage (D:7)
  3 wights
  2 killer bees (D:9)
  11 howler monkeys
  An electric eel (D:14)
  6 orc priests
  4 hounds
  Crazy Yiuf (D:4)
  10 iguanas
  7 orc wizards
  2 adders
  2 shadow imps (D:6)
  A white imp (D:6)
  An ufetubus (D:4)
  2 dart slugs
  26 orcs
  9 ball pythons
  3 bats
  7 endoplasms
  3 giant cockroaches
  6 hobgoblins
  9 jackals
  2 quokkas
  3 frilled lizards
  8 goblins
  21 kobolds
  7 rats
346 creatures vanquished.

Vanquished Creatures (collateral kills)
  A catoblepas (Lair:4)
  A death yak (Lair:3)
  Sonja (D:11)
  A skeletal warrior (D:11)
  A slime creature (D:12)
  A torpor snail (Lair:4)
  A black mamba (Lair:2)
  2 komodo dragons
  A troll (D:9)
  2 wyverns (D:9)
  5 yaks
  A basilisk (Lair:3)
  5 humans (D:13)
  Edmund (D:6)
  3 vampire mosquitoes
  An acid dragon (D:9)
  2 water moccasins
  3 orc warriors
  A centaur (D:9)
  A kobold brigand (D:8)
  2 bullfrogs
  A scorpion (D:7)
  3 wights
  A killer bee (D:9)
  2 howler monkeys (D:9)
  3 orc priests
  A hound (D:6)
  2 iguanas
  7 orcs
  5 kobolds
  A butterfly (Lair:2)
63 creatures vanquished.

Vanquished Creatures (others)
  5 ancestors (D:6)
  10 hexers
  17 fungi
  40 plants
  3 toadstools (D:12)
75 creatures vanquished.

Grand Total: 484 creatures vanquished

Notes
Turn   | Place    | Note
-------+----------+-------------------------------------------
     0 | D:1      | CoinPitGoblin the Spriggan Hunter began the quest for the
                  | Orb.
     0 | D:1      | Reached XP level 1. HP: 10/10 MP: 2/2
    12 | D:1      | Found a faded altar of an unknown god.
    36 | D:1      | Reached skill level 3 in Dodging
   259 | D:1      | Reached XP level 2. HP: 14/14 MP: 3/3
   283 | D:1      | Reached skill level 4 in Dodging
   669 | D:2      | Found a sparkling altar of Nemelex Xobeh.
   723 | D:2      | Reached XP level 3. HP: 18/18 MP: 4/4
   814 | D:2      | Reached skill level 5 in Dodging
  1145 | D:3      | Reached XP level 4. HP: 22/22 MP: 5/5
  1243 | D:3      | Reached skill level 6 in Dodging
  1273 | D:3      | Found a hide-covered altar of Uskayaw.
  1922 | D:4      | Found a shimmering blue altar of Sif Muna.
  1969 | D:4      | Reached skill level 7 in Dodging
  1969 | D:4      | Reached XP level 5. HP: 25/25 MP: 6/6
  2041 | D:4      | Found a glowing silver altar of Zin.
  2127 | D:4      | Found a staircase to the Ecumenical Temple.
  2291 | D:4      | Found a runed translucent door.
  2292 | D:4      | Noticed Crazy Yiuf
  2359 | D:4      | Reached skill level 8 in Dodging
  2454 | Temple   | Entered the Ecumenical Temple
  2701 | Temple   | Upgraded the game from 0.30-a0-439-g9e77e4d916 to
                  | 0.30-a0-457-g4b7bca3bfa
  2703 | Temple   | Identified a scroll of acquirement
  2703 | Temple   | Acquired 916 gold pieces
  2726 | Temple   | Became a worshipper of Hepliaklqana the Forgotten
  2825 | D:4      | Noticed an ogre
  2864 | D:4      | Killed an ogre
  2865 | D:4      | Reached XP level 6. HP: 30/30 MP: 7/7
  2867 | D:4      | Reached skill level 9 in Dodging
  3080 | D:4      | Killed Crazy Yiuf
  3211 | D:5      | Entered Level 5 of the Dungeon
  3428 | D:5      | Reached skill level 10 in Dodging
  3523 | D:5      | Reached XP level 7. HP: 33/33 MP: 8/8
  3664 | D:5      | Reached * piety under Hepliaklqana
  4181 | D:6      | Noticed Eustachio
  4420 | D:5      | Upgraded the game from 0.30-a0-457-g4b7bca3bfa to
                  | 0.30-a0-570-g486de37d69
  4420 | D:5      | Upgraded the game from 0.30-a0-570-g486de37d69 to
                  | 0.30-a0-583-g19bae12e61
  4576 | D:6      | Killed Eustachio
  4577 | D:6      | Reached skill level 11 in Dodging
  4707 | D:6      | Reached skill level 12 in Dodging
  4793 | D:6      | Reached XP level 8. HP: 15/33 MP: 9/9
  4930 | D:6      | Noticed Edmund
  5043 | D:6      | Killed Edmund
  5072 | D:6      | Reached skill level 13 in Dodging
  5376 | D:6      | Noticed Prince Ribbit
  5486 | D:6      | Killed Prince Ribbit
  5540 | D:6      | Reached skill level 14 in Dodging
  5653 | D:6      | Found a basalt altar of Yredelemnul.
  5769 | D:6      | Found Tyoho's Jewellery Shoppe.
  5772 | D:6      | Bought the ring "Oferuc" {rC+ rN+ Dex+5} for 578 gold
                  | pieces
  5944 | D:6      | Found an iron altar of Okawaru.
  6049 | D:7      | Found a stormy altar of Qazlal.
  6428 | D:7      | Reached skill level 15 in Dodging
  6689 | D:7      | Reached ** piety under Hepliaklqana
  6690 | D:7      | Remembered your ancestor Lucia as a hexer
  6701 | D:7      | Reached XP level 9. HP: 36/36 MP: 7/10
  7075 | D:8      | Reached skill level 16 in Dodging
  7111 | D:8      | Reached skill level 17 in Dodging
  7294 | D:8      | Found a sacrificial altar of Ru.
  7480 | D:8      | Reached skill level 18 in Dodging
  8046 | D:9      | Reached XP level 10. HP: 31/41 MP: 11/11
  8148 | D:9      | Found a staircase to the Lair.
  8239 | D:9      | Reached skill level 19 in Dodging
  8343 | D:9      | Found a transporter.
  8344 | D:9      | Found a transporter.
  8344 | D:9      | Noticed a boulder beetle
  8716 | D:9      | Reached skill level 20 in Dodging
  8895 | D:9      | Found Sevockoo's Armour Shop.
  8905 | D:9      | Reached *** piety under Hepliaklqana
  9165 | D:10     | Entered Level 10 of the Dungeon
  9337 | D:10     | Found a staircase to the Orcish Mines.
  9367 | D:10     | Found a shimmering altar of Xom.
  9851 | D:10     | Found the +3 greatsling "Punk" {acid, rCorr}
 10060 | D:10     | Reached **** piety under Hepliaklqana
 10320 | D:10     | Reached skill level 21 in Dodging
 10544 | D:10     | Reached XP level 11. HP: 44/44 MP: 9/12
 10610 | D:11     | Noticed a skeletal warrior
 10610 | D:11     | Noticed a skeletal warrior
 10628 | D:11     | Killed a skeletal warrior
 10641 | D:11     | Killed a skeletal warrior
 10839 | D:11     | Noticed Sonja
 10846 | D:11     | Killed Sonja
 10847 | D:11     | Reached skill level 22 in Dodging
 10900 | D:11     | Noticed a two-headed ogre
 10907 | D:11     | Killed a two-headed ogre
 10909 | D:11     | Noticed a two-headed ogre
 10916 | D:11     | Killed a two-headed ogre
 10921 | D:11     | Noticed a skeletal warrior
 10938 | D:11     | Killed a skeletal warrior
 10968 | D:11     | Found a shadowy altar of Dithmenos.
 10982 | D:11     | Reached skill level 23 in Dodging
 10992 | D:11     | Noticed a skeletal warrior
 11003 | D:11     | Killed a skeletal warrior
 11663 | D:12     | Reached XP level 12. HP: 47/47 MP: 13/13
 11746 | D:12     | Noticed a boulder beetle
 11758 | D:12     | Killed a boulder beetle
 11759 | D:12     | Reached skill level 5 in Ranged Weapons
 12043 | Lair:1   | Entered Level 1 of the Lair of Beasts
 12090 | Lair:1   | Reached skill level 24 in Dodging
 12159 | Lair:1   | Noticed Urug
 12172 | Lair:1   | Killed Urug
 12445 | Lair:1   | Reached ***** piety under Hepliaklqana
 13256 | Lair:2   | Noticed Amaemon
 13282 | Lair:2   | Killed Amaemon
 13286 | Lair:2   | Found a staircase to the Snake Pit.
 13810 | Lair:2   | Reached skill level 10 in Ranged Weapons
 13981 | Lair:3   | Noticed a death yak
 13985 | Lair:3   | Noticed a death yak
 13987 | Lair:3   | Noticed a death yak
 13987 | Lair:3   | Noticed a death yak
 13988 | Lair:3   | Killed a death yak
 13994 | Lair:3   | Killed a death yak
 13998 | Lair:3   | Killed a death yak
 14000 | Lair:3   | Killed a death yak
 14001 | Lair:3   | Reached XP level 13. HP: 48/51 MP: 14/14
 14081 | Lair:3   | Found a staircase to the Swamp.
 14882 | Lair:4   | Identified the +4 chain mail of Intuition {rF- rC+ Str+3}
 14904 | Lair:4   | Found a staircase to the Slime Pits.
 14905 | Lair:4   | Found a viscous altar of Jiyva.
 15781 | Lair:4   | Found a runed translucent door.
 15782 | Lair:4   | Noticed Heedrag's ghost (journeyman GrEE)
 16114 | Lair:4   | Identified the ring of Raodoffaego {rC- Will+ Str+6 Stlth+}
 16460 | Lair:4   | Killed Heedrag's ghost
 16783 | D:13     | Noticed Frances
 16827 | D:13     | Killed Frances
 17037 | D:13     | Reached skill level 25 in Dodging
 17147 | D:13     | Reached ****** piety under Hepliaklqana
 17362 | D:13     | Found a gate to the Vaults.
 17399 | D:13     | Reached XP level 14. HP: 54/54 MP: 15/15
 18171 | D:14     | Killed from afar by an efreet

Illustrated notes

Levels and vault maps discovered:
D:1:      grunt_arrival_lava_bath, layout_basic, ebering_ecumenical_altar_box
D:2:      layout_rooms, basic_altar
D:3:      layout_basic, mainiacjoe_overflow_brackets
D:4:      layout_loops_corners, amcnicky_altar_gilded,
          overflow_temple_1_default, temple_hall, uniq_crazy_yiuf_cottage
D:5:      nicolae_cairo_tiling_very_big, layout_gridville,
          hangedman_abyss_or_decor_passed, hex_tiny
D:6:      nicolae_cairo_tiling_large, layout_cave_pools,
          mainiacjoe_overflow_two_lobes, serial_shops,
          nicolae_shop_behind_doors, uniq_edmund, uniq_prince_ribbit1,
          uniq_eustachio
D:7:      layout_basic, nicolae_qazlal_general_emergency
D:8:      layout_loops_ring, mainiacjoe_overflow_surrounded_room
D:9:      gammafunk_boulding_lane, layout_basic, minmay_lair_entry_grove,
          serial_shops, nicolae_shop_advertising_works
          [nicolae_subvault_shop_adworks], minmay_misc_feat_x
D:10:     layout_grid_maze, mainiacjoe_overflow_24_doors, orc_0_dummy
D:11:     layout_gridville, nicolae_dithmenos_the_darkroom, uniq_sonja
D:12:     layout_rooms, minmay_gold_behind_fungi
D:13:     layout_basic, grunt_vaults_entry_tiered, uniq_frances
D:14:     layout_layer_cave, kennysheep_another_room, serial_bayou_lake_a
Temple:   minmay_temple_curvy_branch
Lair:1:   layout_regular_city, lemuel_fruit_fields, uniq_urug
Lair:2:   beast_lair_carwin_large_1, layout_long_grid,
          minmay_snake_entry_six_corridors, chequers_serial_rivers_room_a,
          chequers_serial_rivers_small_a, lemuel_fruit_fields, uniq_amaemon
Lair:3:   layout_regular_city, minmay_swamp_entry_reptiles, grunt_megastairs_5
Lair:4:   layout_cave_pods, slime_entry_1, ebering_ghost_inner_flame

Skill      XL: |  1  2  3  4  5  6  7  8  9 10 11 12 13 |
---------------+----------------------------------------+-----
Dodging        | 3 4 5 7 8 10 12 15 18 21 23 24 25 | 25.2
Ranged Weapons | 10 14 | 14.8
Fighting       | |  1.5
Stealth        | |  1.5

Action                   |  1- 3 |  4- 6 |  7- 9 | 10-12 | 13-15 || total
-------------------------+-------+-------+-------+-------+-------++-------
Melee: Dagger            |       |       |     3 |       |       ||     3
 Fire: Shortbow          |   114 |   122 |   340 |   149 |       ||   725
       Greatsling        |       |       |       |   363 |   418 ||   781
Invok: Recall Ancestor   |       |       |    16 |    18 |     3 ||    37
       Ancestor Life: He |       |       |     1 |       |       ||     1
Evoke: Wand              |       |       |       |       |     4 ||     4
  Use: Scroll            |     4 |     3 |    12 |       |     7 ||    26
       Potion            |       |       |       |       |     1 ||     1
Armor: Robe              |     2 |     3 |     4 |     2 |       ||    11
Dodge: Dodged            |    41 |    43 |   127 |   209 |    66 ||   486

Table legend: (Time is in decaauts)
 A = Elapsed time spent in this place.
 B = Non-inter-level travel time spent in this place.
 C = Inter-level travel time spent in this place.
 D = Time resting spent in this place.
 E = Time spent auto-exploring this place.
 F = Levels seen in this place.
 G = Mean time per level.
                   A        B        C        D        E       F      G
               +--------+--------+--------+--------+--------+-----+--------+
         Total |  12749 |  11696 |   1053 |    873 |   7616 |  19 |  671.0 |
       Dungeon |   9432 |   8593 |    839 |    512 |   5589 |  14 |  673.7 |
        Temple |    185 |    160 |     25 |      0 |    152 |   1 |  185.0 |
          Lair |   3131 |   2943 |    188 |    361 |   1874 |   4 |  782.8 |
               +--------+--------+--------+--------+--------+-----+--------+

Top non-repeatable levels by time:
     D:6: 1338 daAuts
  Lair:4: 1182 daAuts
     D:9: 988 daAuts
    D:10: 917 daAuts
     D:4: 867 daAuts
     D:5: 778 daAuts
    D:13: 725 daAuts
  Lair:1: 713 daAuts
     D:7: 651 daAuts
     D:8: 638 daAuts
  Lair:3: 621 daAuts
    D:11: 614 daAuts
  Lair:2: 613 daAuts
     D:1: 486 daAuts
    D:12: 458 daAuts
